 Dungeon Sprint DCSS version 0.24-a0-439-g6dd8730de2 (webtiles) character file.

Game seed: 1878275806992042630

44 mahrnol the Covered (level 3, -5/36 HPs)
             Began as a Minotaur Fighter on June 17, 2019.
             Slain by an iguana (8 damage)
             ... in the Dungeon (Sprint IX: "|||||||||||||||||||||||||||||").
             The game lasted 00:00:44 (38 turns).

mahrnol the Covered (Minotaur Fighter)                Turns: 38, Time: 00:00:45

Health: -5/36      AC:  7    Str: 26    XL:     3   Next: 39%
Magic:  2/2        EV:  8    Int:  5    God:
Gold:   0          SH: 10    Dex:  9    Spells: 2/2 levels left

rFire    . . .     SeeInvis .   a - +0 flail
rCold    . . .     Gourm    .   c - +0 shield
rNeg     . . .     Faith    .   b - +0 scale mail
rPois    .         Spirit   .   (helmet restricted)
rElec    .         Reflect  .   (no cloak)
rCorr    .         Harm     .   (no gloves)
MR       .....     NoTele   +   (no boots)
Stlth    ..........             (no amulet)
HPRegen  0.12/turn              (no ring)
MPRegen  0.08/turn              (no ring)

@: mighty, slowed, very slow
A: retaliatory headbutt, horns 2
a: no special abilities


You were in the Dungeon.
You were not hungry.

You visited 1 branch

Inventory:

Hand Weapons
 a - a +0 flail (weapon)
Armour
 b - a +0 scale mail (worn)
 c - a +0 shield (worn)
Scrolls
 k - a scroll of blinking
Potions
 e - a potion of curing
 g - a potion of heal wounds
 h - a potion of haste
 i - 2 potions of magic
 j - a potion of berserk rage
Comestibles
 f - a ration
 l - 6 chunks of flesh


   Skills:
 + Level 5.6 Fighting
 + Level 4.0 Maces & Flails
 + Level 5.7 Armour
 + Level 5.5 Shields


You had 2 spell levels left.
You didn't know any spells.
Your spell library was empty.

Dungeon Overview and Level Annotations

Branches:
Dungeon (1/1)

Altars:


Innate Abilities, Weirdness & Mutations

You reflexively headbutt those who attack you in melee.
You have a pair of horns on your head.


Message History

The orc wizard blinks!
The orc wizard barely misses you. You furiously retaliate!
You headbutt the orc wizard!
You kill the orc wizard!
Your Fighting skill increases to level 5!
Your Armour skill increases to level 5!
Your Shields skill increases to level 5!
You have reached level 3!
Your experience leads to an increase in your attributes!
Your base attributes are Str 20, Int 5, Dex 9.
Increase (S)trength, (I)ntelligence, or (D)exterity?
You feel stronger.
You closely miss the orc. The orc hits you.
* * * LOW HITPOINT WARNING * * *
The orc hits you.
* * * LOW HITPOINT WARNING * * *
You barely miss the orc. You headbutt the orc!
You kill the orc!
Your Maces & Flails skill increases to level 4!
You closely miss the iguana. The iguana bites you!
You die...

▓+▓
▓.▓
▓.▓
▓.▓
▓.▓
▓Z▓
▓l▓
▓@▓
▓)▓
▓.▓
▓.▓
▓.▓
▓)▓
▓.▓
▓.▓
▓.▓


You could see an iguana and a ball python skeleton.

Vanquished Creatures
  An orc wizard (D)
  A shadow imp (D)
  An orc (D)
  2 giant cockroaches (D)
  A goblin (D)
  A hobgoblin (D)
  A rat (D)
8 creatures vanquished.

Notes
Turn   | Place    | Note
-------+----------+-------------------------------------------
     0 | D        | mahrnol the Minotaur Fighter began the quest for the Orb.
     0 | D        | Reached XP level 1. HP: 19/19 MP: 0/0
    27 | D        | Noticed an iguana
    27 | D        | Noticed an orc wizard
    34 | D        | Reached XP level 2. HP: 6/28 MP: 1/1
    35 | D        | Reached skill level 5 in Fighting
    35 | D        | Reached skill level 5 in Armour
    35 | D        | Reached skill level 5 in Shields
    35 | D        | Reached XP level 3. HP: 8/36 MP: 2/2
    38 | D        | Slain by an iguana

Levels and vault maps discovered:
D:        linesprint [early_d, line_temple, items_1, d_10, items_2, lair_1,
          lair_end, items_3, orc_1, orc_end, items_4, d_15, swamp_1, shoals_1,
          snake_1, spider_1, d_20, vaults_1, items_5, swamp_end, shoals_end,
          snake_end, spider_end, vaults_end, d_27, items_6, zot_1, zot_end,
          crypt_end, forest_end, elf_end, slime_end, tomb_end, abyss_end,
          pan_hell_end]

Skill      XL: |  1  2  3 |
---------------+----------+-----
Fighting       | 4 5 |  5.6
Armour         | 4 5 |  5.7
Shields        | 4 5 |  5.5
Maces & Flails | 3 4 |  4.0

Action                   || total
-------------------------++-------
Melee: Flail             ||    23
       Headbutt          ||     8
  Use: Potion            ||     1
Armor: Scale mail        ||    12
Dodge: Dodged            ||     7
Block: Shield            ||     8

Table legend:
 A = Non-vault XP
 B = Vault XP
 C = Vault XP percentage of total XP
 D = Non-vault monster count
 E = Vault monster count
 F = Vault count percentage of total count
                 A         B        C        D         E       F
            +---------+---------+-------+---------+---------+-------
      Total |       0 |      63 | 100.0 |       0 |       8 | 100.0
            +---------+---------+-------+---------+---------+-------
          D |       0 |      63 | 100.0 |       0 |       8 | 100.0
            +---------+---------+-------+---------+---------+-------
